 Dungeon Crawl Stone Soup version 0.25-a0-733-gf7d8cd8a05 (webtiles) character file.

Game seed: 8286123876309932133, levelgen mode: deterministic

290 Iflex the Poker (level 6, 0/70 HPs)
             Began as a Merfolk Gladiator on Apr 9, 2020.
             Succumbed to a worker ant's poison
             ... in the Ecumenical Temple.
             The game lasted 00:06:26 (2490 turns).

Iflex the Poker (Merfolk Gladiator)                 Turns: 2490, Time: 00:06:26

Health: 0/70       AC: 23    Str: 18    XL:     6   Next: 32%
Magic:  6/6        EV:  2    Int:  5    God:
Gold:   121        SH:  0    Dex: 16    Spells: 5/5 levels left

rFire    . . .     SeeInvis .   a - +0 trident
rCold    . . .     Gourm    .   (no shield)
rNeg     + + +     Faith    .   (armour currently unavailable)
rPois    +         Spirit   .   (helmet currently unavailable)
rElec    .         Reflect  .   (cloak currently unavailable)
rCorr    .         Harm     .   (gloves currently unavailable)
MR       .....     NoTele   +   (boots currently unavailable)
Stlth    ++........             (no amulet)
HPRegen  0.21/turn              (no ring)
MPRegen  0.10/turn              (no ring)

@: mighty, brilliant, lethally poisoned (0 -> -5), tree-form, hasted, very quick
A: (change form in water), (swift swim), (stealthy swim), dopey 1, strong 1
a: no special abilities


You were in the Ecumenical Temple.
You were not hungry.
You were a tree.
You visited 2 branches of the dungeon, and saw 5 of its levels.

You collected 121 gold pieces.

Inventory:

Hand Weapons
 a - a +0 trident (weapon)
Missiles
 d - a throwing net (quivered)
Armour
 b - a +0 leather armour (melded)
 c - a +0 helmet (melded)
 u - a +0 pair of gloves (melded)
Jewellery
 j - an uncursed ring of see invisible
 k - a +3 ring of evasion {unknown}
Scrolls
 g - a scroll of blinking {unknown}
 h - 2 scrolls of magic mapping {unknown}
 i - a scroll of remove curse
 l - a scroll of teleportation {unknown}
 m - a scroll of immolation
 o - a scroll of identify {unknown}
 p - a scroll of enchant armour {unknown}
Potions
 n - a potion of brilliance
Comestibles
 f - 3 rations


   Skills:
 - Level 3.2 Fighting
 * Level 7.8 Polearms
 + Level 2.1 Throwing
 + Level 1.1 Armour
 * Level 5.1 Dodging
 * Level 1.2 Stealth


You had 5 spell levels left.
You didn't know any spells.
Your spell library was empty.

Dungeon Overview and Level Annotations

Branches:
Dungeon (4/15)             Temple (1/1) D:4

Altars:
Cheibriados
Elyvilon
Fedhas
Makhleb
Qazlal
Sif Muna
Trog
Zin
The Shining One


Innate Abilities, Weirdness & Mutations

((You revert to your normal form in water.))
((You are very nimble and swift while swimming.))
((You are very stealthy in the water. (Stealth+)))
You are dopey. (Int -2)
Your muscles are strong. (Str +2)


Message History

The giant cockroach bites you but does no damage.
The worker ant bites you but does no damage.
You puncture the worker ant!
The worker ant is almost dead.
* * * LOW HITPOINT WARNING * * *
You feel sick.
The giant cockroach bites you but does no damage.
The worker ant bites you but does no damage.
You closely miss the worker ant.
The worker ant is almost dead.
The giant cockroach bites you but does no damage.
The worker ant bites you but does no damage.
You hit the worker ant.
You kill the worker ant!
* * * LOW HITPOINT WARNING * * *
You feel sick.
You closely miss the giant cockroach.
The giant cockroach bites you but does no damage.
You barely miss the giant cockroach.
You die...

#... ##.
... .#.. .
.._ #.⌠.#
.. .. #....
.#.# #.
#...# #....
.#...#
.._...#...#
#.♣.#
#.†s#..._..
#...#.
....# #...#
.# #.#.
....# .. ..
#.⌠.# _.. .
..#. ...
.## ...#


You could see a giant cockroach.

Vanquished Creatures
  An ogre (D:4)
  A hound (D:4)
  An orc wizard (D:4)
  Jessica (D:2)
  A worker ant (Temple)
  3 adders (D:3)
  3 worms
  2 dart slugs
  A leopard gecko (D:4)
  2 ball pythons
  10 bats
  3 giant cockroaches
  3 goblins
  9 hobgoblins
  4 jackals
  10 kobolds
  3 frilled lizards
  5 rats
63 creatures vanquished.

Notes
Turn   | Place    | Note
-------+----------+-------------------------------------------
     0 | D:1      | Iflex the Merfolk Gladiator began the quest for the Orb.
     0 | D:1      | Reached XP level 1. HP: 16/16 MP: 1/1
    87 | D:1      | Reached XP level 2. HP: 23/23 MP: 2/2
   147 | D:1      | Reached skill level 5 in Polearms
   448 | D:1      | Reached XP level 3. HP: 28/28 MP: 3/3
  1016 | D:2      | Noticed Jessica
  1031 | D:2      | Killed Jessica
  1163 | D:2      | Reached XP level 4. HP: 20/34 MP: 4/4
  1834 | D:3      | Reached skill level 6 in Polearms
  1865 | D:3      | Found a glowing silver altar of Zin.
  1865 | D:3      | Found a white marble altar of Elyvilon.
  1865 | D:3      | Found a glowing golden altar of the Shining One.
  1886 | D:3      | Reached XP level 5. HP: 32/41 MP: 5/5
  2147 | D:4      | Noticed an ogre
  2169 | D:4      | Killed an ogre
  2169 | D:4      | Reached skill level 7 in Polearms
  2169 | D:4      | Reached skill level 1 in Armour
  2169 | D:4      | Reached skill level 5 in Dodging
  2169 | D:4      | Reached skill level 1 in Stealth
  2169 | D:4      | Reached XP level 6. HP: 30/47 MP: 6/6
  2327 | D:4      | Found a burning altar of Makhleb.
  2327 | D:4      | Found a snail-covered altar of Cheibriados.
  2470 | D:4      | Found a staircase to the Ecumenical Temple.
  2479 | Temple   | Entered the Ecumenical Temple
  2481 | Temple   | Gained mutation: You are dopey. (Int -2) [potion of
                  | mutation]
  2481 | Temple   | Gained mutation: Your muscles are strong. (Str +2) [potion
                  | of mutation]
  2484 | Temple   | HP: 3/70 [poisoned by a worker ant]
  2486 | Temple   | HP: 1/70 [poisoned by a worker ant]
  2490 | Temple   | Succumbed to a worker ant's poison

Levels and vault maps discovered:
D:1:      evilmike_arrival_plus, layout_basic, minmay_fountain_box
D:2:      layout_loops_ring, uniq_jessica
D:3:      layout_rooms, good_gods_mini_temple, first_ration
D:4:      layout_basic, gammafunk_temple_overflow_wave,
          minmay_temple_entry_stoned_glass, st_stairs_11, minmay_starry_boxes
Temple:   eino_temple_rhombus

Skill      XL: |  1  2  3  4  5 |
---------------+----------------+-----
Polearms       | 5 6 7 |  7.8
Fighting       | 3 |  3.2
Armour         | 1 |  1.1
Dodging        | 5 |  5.1
Stealth        | 1 |  1.2
Throwing       | |  2.1

Action                   |  1- 3 |  4- 6 || total
-------------------------+-------+-------++-------
Melee: Trident           |    82 |   136 ||   218
Throw: Throwing net      |     3 |     2 ||     5
  Use: Scroll            |       |     2 ||     2
       Potion            |       |     7 ||     7
 Stab: Held in net/web   |     1 |     1 ||     2
  Eat: Chunk             |       |     5 ||     5
Armor: Leather armour    |    20 |    21 ||    41
       Skin              |       |    13 ||    13
Dodge: Dodged            |    66 |   103 ||   169

Table legend:
 A = Non-vault XP
 B = Vault XP
 C = Vault XP percentage of total XP
 D = Non-vault monster count
 E = Vault monster count
 F = Vault count percentage of total count
                 A         B        C        D         E       F
            +---------+---------+-------+---------+---------+-------
      Total |     178 |     237 |  57.1 |      59 |       4 |   6.3
            +---------+---------+-------+---------+---------+-------
        D:1 |      39 |       0 |   0.0 |      23 |       0 |   0.0
        D:2 |      33 |      37 |  52.9 |      17 |       1 |   5.6
        D:3 |      71 |       0 |   0.0 |      17 |       0 |   0.0
        D:4 |       3 |     200 |  98.5 |       1 |       3 |  75.0
     Temple |      32 |       0 |   0.0 |       1 |       0 |   0.0
            +---------+---------+-------+---------+---------+-------
